 Dungeon Crawl Stone Soup version 0.27.0-1-g7a08968 (webtiles) character file.

Game seed: 4042866725543661663

38 Orban the Skirmisher (level 3, -4/36 HPs)
             Began as a Gargoyle Berserker on Aug 31, 2022.
             Was a Follower of Trog.
             Slain by a gnoll (10 damage)
             ... on level 3 of the Dungeon.
             The game lasted 00:01:28 (942 turns).

Orban the Skirmisher (Gargoyle Berserker)            Turns: 942, Time: 00:01:28

Health: -4/36      AC:  5    Str: 21    XL:     3   Next: 43%
Magic:  3/3        EV: 12    Int:  7    God:    Trog [*.....]
Gold:   35         SH:  0    Dex:  9    Spells: 2/2 levels left

rFire    . . .     SeeInvis .   a - +0 mace
rCold    . . .     Faith    +   (no shield)
rNeg     + . .     Spirit   .   b - +0 animal skin
rPois    ∞         Reflect  .   (no helmet)
rElec    +         Harm     .   (no cloak)
rCorr    .         Rampage  .   (no gloves)
Will     .....                  (no boots)
Stlth    ..........             c - amulet of faith
HPRegen  0.12/turn              (no ring)
MPRegen  0.08/turn              (no ring)

@: berserking, very quick
A: sickness immunity, AC +3, negative energy resistance 1, electricity
resistance, torment resistance 1, petrification resistance
a: Renounce Religion, Berserk


You were on level 3 of the Dungeon.
You worshipped Trog.
Trog was aware of your devotion.
You visited 1 branch of the dungeon, and saw 3 of its levels.

You collected 35 gold pieces.

Inventory:

Hand Weapons
 a - a +0 mace (weapon)
Armour
 b - a +0 animal skin (worn)
Jewellery
 c - an amulet of faith (around neck)
 f - a ring of resist corrosion
Scrolls
 d - 3 scrolls of silence {unknown}
 e - a scroll of brand weapon {unknown}
 g - a scroll of enchant armour {unknown}
Potions
 h - a potion of haste {unknown}


   Skills:
 + Level 4.0 Fighting
 + Level 3.4 Maces & Flails
 + Level 2.4 Armour
 + Level 1.7 Dodging


You had 2 spell levels left.
You didn't know any spells.
Your spell library was empty.

Dungeon Overview and Level Annotations

Branches:
Dungeon (3/15)

Altars:
Vehumet

Shops:
D:3 (


Innate Abilities, Weirdness & Mutations

You are immune to sickness and miasma.
Your stone body is resilient. (AC +3)
You are immune to poison.
You resist negative energy. (rN+)
You are resistant to electric shocks. (rElec)
You are resistant to unholy torment.
You are immune to petrification.


Message History

The adder bites you but does no damage. The adder closely misses you.
You miss the adder.
The adder is heavily wounded.
The adder bites you.
You thump the adder!
You kill the adder!
Trog accepts your kill.
Your Fighting skill increases to level 4!
No target in view!
HP restored.
Things that are here:
4 boomerangs; an adder corpse You now have 28 gold pieces (gained 10).
Found a stone staircase leading up.
Things that are here:
4 boomerangs; an adder corpse You now have 35 gold pieces (gained 7).
An adder comes into view.
The adder hisses angrily.
You hear a shout!
You hear an angry hiss.
An adder is nearby! 2 gnolls come into view.
The gnoll shouts!
A rat comes into view.
An adder comes into view.
The gnoll closely misses you.
A gnoll comes into view. It is wielding a +0 flail.
The gnoll shouts!
The adder closely misses you. The gnoll hits you with a +0 halberd!
Found 8 arrows.
There is an open door here.
You hit the adder.
The adder is heavily wounded.
The adder bites you but does no damage. The gnoll hits you with a +0 halberd!
Ouch! That really hurt!
* * * LOW HITPOINT WARNING * * *
The adder bites you but does no damage.
You are too injured to fight recklessly!
A red film seems to cover your vision as you go berserk!
You feel yourself moving faster!
You feel mighty! The gnoll closely misses you. The adder barely misses you.
The gnoll hits you with a +0 halberd!
You die...

+ #'#.(.... #
###'#......
#..........
#.....r....
#..........
#..g.S... #..Sgg#
#@# #
#.################
#.................
#################.
#. #. #. #. #.


You could see 3 gnolls, 2 adders and a rat.

Vanquished Creatures
  3 adders
  2 endoplasms
  2 giant cockroaches
  A quokka (D:3)
  2 bats
  A kobold (D:2)
  A spectral goblin (D:2)
12 creatures vanquished.

Notes
Turn   | Place    | Note
-------+----------+-------------------------------------------
     0 | D:1      | Orban the Gargoyle Berserker began the quest for the Orb.
     0 | D:1      | Reached XP level 1. HP: 14/14 MP: 1/1
    11 | D:1      | You fall into a shaft and drop 1 floor!
    86 | D:2      | Reached XP level 2. HP: 14/19 MP: 2/2
   172 | D:2      | Found a faded altar of an unknown god.
   454 | D:2      | You fall into a shaft and drop 1 floor!
   456 | D:3      | Found Hohuis's Antique Weapon Boutique.
   479 | D:3      | Found a radiant altar of Vehumet.
   559 | D:3      | Reached XP level 3. HP: 19/24 MP: 3/3
   751 | D:3      | Reached skill level 4 in Fighting
   942 | D:3      | Slain by a gnoll

Illustrated notes

Levels and vault maps discovered:
D:1:      mushboom_english_gardens, layout_loops_ring, minmay_tromino_v2
D:2:      layout_loops_cross, dreamdust_ecumenical_altar_drowned_temple,
          chequers_serial_rivers_marsh
D:3:      layout_basic, mainiacjoe_overflow_alcove_2,
          mainiacjoe_overflow_concentric_impassable, serial_shops, shop

Skill      XL: |  1  2  3 |
---------------+----------+-----
Fighting       | 4 |  4.0
Maces & Flails | |  3.4
Armour         | |  2.4
Dodging        | |  1.7

Action                   || total
-------------------------++-------
Melee: Mace              ||    41
Invok: Berserk           ||     2
Armor: Animal skin       ||    20
Dodge: Dodged            ||    33
